 Dungeon Crawl Stone Soup version 0.18.1-50-g88ac8fd (webtiles) character file.

56 recordrepeat the Skirmisher (level 3, -2/33 HPs)
             Began as a Hill Orc Fighter on Oct 21, 2016.
             Slain by Crazy Yiuf
             ... wielding a +3 quarterstaff of chaos
              (3 damage)
             ... on level 2 of the Dungeon.
             The game lasted 00:05:17 (2307 turns).

recordrepeat the Skirmisher (Hill Orc Fighter)      Turns: 2307, Time: 00:05:18

Health: -2/33      AC:  9    Str: 19    XL:     3   Next: 97%
Magic:  3/3        EV:  7    Int:  8    God:
Gold:   39         SH:  9    Dex: 14    Spells: 0 memorised, 2 levels left

rFire  . . .     SeeInvis .     a - +0 war axe
rCold  . . .     Gourm    .     b - +0 scale mail
rNeg   . . .     Faith    .     c - +0 shield
rPois  .         Spirit   .     e - +1 hat
rElec  .         Dismiss  .     (no cloak)
rCorr  .         Reflect  .     q - +0 pair of gloves
SustAt .         Harm     .     (no boots)
MR     .....                    (no amulet)
Stlth  ..........               (no ring)
                                g - +4 ring of dexterity

@: lethally poisoned (-2 -> -18), drained, not resistant to hostile
enchantments, extremely unstealthy
A: no striking features
a: no special abilities


You were on level 2 of the Dungeon.
You were hungry.

You visited 1 branch of the dungeon, and saw 2 of its levels.

You collected 39 gold pieces.

Inventory:

Hand Weapons
 a - a +0 war axe (weapon)
Armour
 b - a +0 scale mail (worn)
 c - a +0 shield (worn)
 e - a +1 hat (worn)
 q - a +0 pair of gloves (worn)
Jewellery
 g - a +4 ring of dexterity (left hand)
Scrolls
 h - a scroll of fog {unknown}
 j - a scroll of magic mapping {unknown}
 k - 2 scrolls of remove curse {unknown}
 l - a scroll of blinking {unknown}
 m - 2 scrolls of teleportation {unknown}
 n - 2 scrolls of identify {unknown}
 r - a scroll of enchant weapon {unknown}
 t - a scroll of random uselessness {unknown}
 u - a scroll of enchant armour {unknown}
 v - 2 scrolls of recharging {unknown}
Potions
 d - a potion of might
 i - 2 potions of brilliance {unknown}
 p - a potion of mutation {unknown}
 s - a potion of agility {unknown}
Comestibles
 f - 3 bread rations
 w - 2 meat rations


   Skills:
 + Level 4.1(3.6) Fighting
 + Level 3.2(2.8) Axes
 + Level 4.0(3.5) Armour
 + Level 0.7(0.2) Dodging
 + Level 3.7(3.2) Shields


You had 2 spell levels left.
You didn't know any spells.

Dungeon Overview and Level Annotations

Branches:
Dungeon (2/15)

Altars:

Annotations:
D:2 Crazy Yiuf


Message History

Crazy Yiuf sings, "Trees, trees, trees, circus!"
You block Crazy Yiuf's attack.
You barely miss Crazy Yiuf.
Crazy Yiuf is heavily wounded.
You block Crazy Yiuf's attack.
Crazy Yiuf hits you with a quarterstaff of chaos!
* * * LOW HITPOINT WARNING * * *
You are lethally poisoned!
You completely miss Crazy Yiuf.
Crazy Yiuf is heavily wounded.
* * * LOW HITPOINT WARNING * * *
You feel very sick.
Crazy Yiuf cries, "Ghoul Hive foot!"
Crazy Yiuf barely misses you.
You hit Crazy Yiuf.
Crazy Yiuf is severely wounded.
* * * LOW HITPOINT WARNING * * *
You feel sick.
Crazy Yiuf hits you with a quarterstaff of chaos.
You die...

.#####.####
#..#
########.###
#####
#...........
#..)#
########.###
#...#
#.####......
...
#....#.##.##
#g#
#.##.#......
##@#
#.....)....<
#.##
##.#........
##.#
#.#..####..
#.## #.#..#
#... ##.##
#.#..# #.#.
#..P##
#.#..###.#.
#.P.P#
#.#....#.#.
##..##
#.#.##.#.##
###....###
#.#.##.#.##


You could see Crazy Yiuf.

Vanquished Creatures
  2 adders (D:2)
  A worm (D:2)
  A dart slug (D:1)
  7 bats
  3 giant cockroaches
  3 goblins
  6 hobgoblins
  A giant newt (D:1)
  4 kobolds
  3 rats
31 creatures vanquished.

Notes
Turn   | Place    | Note
--------------------------------------------------------------
     0 | D:1      | recordrepeat the Hill Orc Fighter began the quest for the Orb.
     0 | D:1      | Reached XP level 1. HP: 19/19 MP: 1/1
   505 | D:1      | Reached XP level 2. HP: 26/27 MP: 2/2
  1141 | D:1      | Reached XP level 3. HP: 30/33 MP: 3/3
  2291 | D:2      | Noticed Crazy Yiuf
  2307 | D:2      | HP: 1/33 [poisoned by Crazy Yiuf]
  2307 | D:2      | Slain by Crazy Yiuf

Skill      XL: |  1  2  3 |
---------------+----------+-----
Axes           | 3 |  3.2
Armour         | 4 |  4.0
Fighting       | 4 |  4.1
Dodging        | |  0.7
Shields        | |  3.7

Action                   || total
-------------------------++-------
Melee: War axe           ||   114
  Eat: Chunk             ||     4
Armor: Scale mail        ||    48
Dodge: Dodged            ||    31
Block: Shield            ||    54
